 Dungeon Crawl Stone Soup version 0.30.0-19-g36f170ea60 (webtiles) character file.

Game seed: 18427743210792117029

1092 Jannitor the Sneak (level 8, 0/59 HPs)
             Began as a Djinni Delver on May 25, 2023.
             Was a Believer of Okawaru.
             Killed from afar by a steam dragon (6 damage)
             ... with a ball of steam
             ... on level 6 of the Dungeon on May 26, 2023.
             The game lasted 00:10:11 (4634 turns).

Jannitor the Sneak (Djinni Delver)                  Turns: 4634, Time: 00:10:14

Health: 0/59       AC:  7    Str: 11    XL:     8   Next: 56%
Gold:   294        EV: 14    Int: 15    God:    Okawaru [**....] SH:  0 Dex: 14

rFire   + + +        t - +2 dagger (speed)
rCold   x . .        (no shield)
rNeg    . . .        l - +0 steam dragon scales
rPois   ∞            (helmet currently unavailable)
rElec   .            v - +1 cloak
rCorr   .            (no gloves)
SInv    .            (boots unavailable)
Will    .....        (no amulet)
Stlth   +++          u - ring of protection from fire
HPRegen 0.29/turn    (no ring)
MPRegen 0.00/turn

%: infuse magic (-1 HP)
@: appendages (expiring), wereblooded, on berserk cooldown, flying, slowed,
studying Stealth, very slow
A: horns 2, flying, sickness immunity, fire resistance 2, cold vulnerability 1,
float, innate caster, HP casting, extra vitality 1
a: End Transformation, Renounce Religion, Heroism


You were on level 6 of the Dungeon.
You worshipped Okawaru.
Okawaru was pleased with you.
You had temporarily grown beastly horns.
You visited 2 branches of the dungeon, and saw 7 of its levels.

You collected 294 gold pieces.

Inventory:

Hand Weapons
 a - a +0 short sword
 p - a +1 dagger of venom
 t - a +2 dagger of speed (weapon)
Armour
 b - a +0 leather armour
 l - +0 steam dragon scales (worn)
 q - a +2 robe of the Archmagi
 v - a +1 cloak (worn)
 D - a +0 helmet
Jewellery
 u - a ring of protection from fire (left hand)
Wands
 g - a wand of digging (3)
 i - a wand of flame (16)
Scrolls
 c - 2 scrolls of fog
 d - 2 scrolls of magic mapping
 e - a scroll of torment {unknown}
 j - a scroll of teleportation
 k - a scroll of enchant armour
 n - a scroll of blinking
 w - 2 scrolls of poison
 A - a scroll of noise
 B - a scroll of immolation {unknown}
Potions
 f - 2 potions of haste
 h - a potion of berserk rage
 m - 3 potions of mutation
 o - 5 potions of curing {unknown}
 r - a potion of might {unknown}
 x - a potion of experience {unknown}
 z - a potion of lignification {unknown}
 E - a potion of brilliance {unknown}


   Skills:
 + Level 5.2 Fighting
 + Level 4.3 Short Blades
 + Level 5.2 Dodging
 + Level 6.2 Stealth
 + Level 2.6 Spellcasting


You knew the following spells:

 Your Spells              Type           Power      Damage    Failure   Level
a - Beastly Appendage     Tmut           18%        N/A       7%          1
b - Wereblood             Tmut           9%         N/A       11%         2
c - Searing Ray           Conj           18%        2d5       11%         2
Your spell library was empty.

Dungeon Overview and Level Annotations

Branches:
Dungeon (6/15)             Temple (1/1) D:4

Altars:
Ashenzari
Cheibriados
Dithmenos
Makhleb
Nemelex Xobeh
Okawaru
Qazlal
The Shining One


Innate Abilities, Weirdness & Mutations

You have temporarily grown beastly horns.
You are flying.
You are immune to sickness and miasma.
You are immune to poison.
Your flesh is very heat resistant. (rF++)
You are vulnerable to cold. (rC-)
You float through the air rather than walking.
You learn spells naturally, not from books.
Your magical power is your life essence.
You have superior vitality. (+4 MHP)


Message History

You miss something.
The orc priest looks satisfied for a moment.
Something hits you but does no damage. The orc hits you with a +0 club.
* * * LOW HITPOINT WARNING * * *
You barely miss something. Your punch misses something. You miss something.
Your headbutt misses something. You puncture something!
You feel a bit better. Okawaru accepts your kill.
Reactivating autopickup.
You feel a bit more experienced. The orc closely misses you.
The orc priest hits you but does no damage.
You puncture the orc priest! You headbutt the orc priest.
The orc priest is almost dead.
You closely miss the orc priest.
The orc priest is almost dead.
The orc hits you with a +0 club.
* * * LOW HITPOINT WARNING * * *
A steam dragon comes into view.
The orc priest completely misses you.
The steam dragon hisses angrily.
You hit the orc priest.
You feel a bit better.
You kill the orc priest!
Okawaru accepts your kill.
You hit the orc.
The orc is almost dead.
You hit the orc.
You feel a bit better.
You kill the orc!
Okawaru accepts your kill.
Unknown command.
You are too berserk!
Unknown command.
Things that are here:
a +0 club; a +0 chain mail; a +0 club You feel a strong urge to attack something.
You are no longer berserk.
You are exhausted.
You feel yourself slow down. The steam dragon breathes steam at you.
The ball of steam hits you. You resist.
You die...

..... ..
.....#.##)#
.........#.
..#.#!D... #
###....§..##.
#.#...#..§.....
###.#...#.§..###.
......#..@.......
....#.))).#...##.
..>...#........#
..........#..###
#.###.#.........
. #..#.#.#..###
#.........# .
#..###.#.## ..
#.. #.#.####...


You could see a steam dragon (catching breath).

Vanquished Creatures
  A black bear (D:5)
  An ogre (D:5)
  2 phantoms (D:4)
  4 scorpions
  2 hounds
  3 orc priests
  A sleepcap (D:5)
  Jessica (D:2)
  3 orc wizards
  3 iguanas
  Robin (D:2)
  6 adders
  2 worms
  A dart slug (D:2)
  9 orcs
  11 ball pythons
  3 bats
  8 endoplasms
  A giant cockroach (D:2)
  17 goblins
  7 hobgoblins
  5 kobolds
  6 quokkas
  4 frilled lizards
  6 rats
108 creatures vanquished.

Notes
Turn   | Place    | Note
-------+----------+-------------------------------------------
     0 | D:5      | Jannitor the Djinni Delver began the quest for the Orb.
     0 | D:5      | Reached XP level 1. HP: 20/20 MP: 0/0
     7 | D:5      | Noticed an iguana
    19 | D:5      | Noticed an ogre
    26 | D:5      | Killed an ogre
    27 | D:5      | Reached XP level 2. HP: 25/25 MP: 0/0
    27 | D:5      | Reached XP level 3. HP: 30/30 MP: 0/0
    27 | D:5      | Learned a level 1 spell: Beastly Appendage
    27 | D:5      | Reached XP level 4. HP: 36/36 MP: 0/0
    49 | D:5      | Reached XP level 5. HP: 24/41 MP: 0/0
    49 | D:5      | Learned a level 2 spell: Wereblood
   173 | D:5      | Noticed a phantom
   603 | D:2      | Noticed Jessica
   643 | D:2      | Killed Jessica
   800 | D:2      | Upgraded the game from 0.30.0-18-gc0e69614cb to
                  | 0.30.0-19-g36f170ea60
   882 | D:2      | Noticed Robin
   898 | D:2      | Killed Robin
   959 | D:2      | Reached XP level 6. HP: 47/47 MP: 0/0
  1914 | D:2      | Reached skill level 1 in Spellcasting
  2317 | D:3      | Found a snail-covered altar of Cheibriados.
  2820 | D:4      | Found a staircase to the Ecumenical Temple.
  2936 | Temple   | Entered the Ecumenical Temple
  3095 | Temple   | Became a worshipper of Warmaster Okawaru
  3452 | D:4      | Reached skill level 5 in Stealth
  3452 | D:4      | Reached XP level 7. HP: 46/52 MP: 0/0
  3452 | D:4      | Learned a level 2 spell: Searing Ray
  3671 | D:4      | Identified a scroll of acquirement
  3671 | D:4      | Acquired a manual of Stealth
  3837 | D:4      | Reached * piety under Okawaru
  4251 | D:5      | Reached XP level 8. HP: 58/58 MP: 0/0
  4377 | D:5      | Reached skill level 5 in Fighting
  4377 | D:5      | Reached skill level 5 in Dodging
  4377 | D:5      | Reached skill level 6 in Stealth
  4476 | D:5      | Reached ** piety under Okawaru
  4634 | D:6      | Killed from afar by a steam dragon

Illustrated notes

Levels and vault maps discovered:
D:1:      giann_bridges, layout_basic, minmay_tromino_v7
D:2:      minmay_general_purpose_star, layout_basic,
          minmay_misc_feat_nine_boxes, uniq_robin, uniq_jessica
D:3:      layout_loops_ring, cheibriados_altar_1
D:4:      cheibrodos_old_hovel, layout_basic,
          minmay_temple_entry_gardened_gates, serial_curves, eino_curves_04,
          eino_curves_04, st_stairs_9, minmay_misc_feat_pillars
D:5:      layout_rooms
D:6:      layout_basic, lemuel_crystal_altar, elyvilon_altar_1, zin_statuary,
          eat_drink_and_be_merry_uskayaw, kennysheep_boxes
Temple:   nicolae_temple_godpark

Skill      XL: |  1  2  3  4  5  6  7  8 |
---------------+-------------------------+-----
Short Blades   | 2 3 4 |  4.3
Dodging        | 3 4 5 |  5.2
Fighting       | 4 5 |  5.2
Spellcasting   | 1 2 |  2.6
Stealth        | 5 6 |  6.2

Action                     |  1- 3 |  4- 6 |  7- 9 || total
---------------------------+-------+-------+-------++-------
  Melee: Short sword       |       |    81 |       ||    81
         Headbutt          |       |    19 |    37 ||    56
         Punch             |       |     4 |     3 ||     7
         Dagger            |       |   219 |   212 ||   431
   Cast: Beastly Appendage |       |    13 |    14 ||    27
         Wereblood         |       |     2 |     5 ||     7
  Evoke: Wand              |     5 |       |       ||     5
    Use: Potion            |       |     1 |     2 ||     3
         Scroll            |       |       |    10 ||    10
   Stab: Sleeping          |       |    14 |     2 ||    16
         Distracted        |       |     1 |     1 ||     2
         Fleeing           |       |       |     1 ||     1
 Armour: Leather armour    |       |     5 |       ||     5
         Steam dragon scal |       |    50 |    42 ||    92
  Dodge: Dodged            |       |   127 |    84 ||   211
